 Dungeon Crawl Stone Soup version 0.24.0-124-g2791043dd8 (webtiles) character file.

Game seed: 16203612648553410282, levelgen mode: deterministic

254 Birungi the Magician (level 5, -13/28 HPs)
             Began as a Deep Elf Wizard on Dec 8, 2019.
             Mangled by an ogre
             ... wielding a +0 giant spiked club
              (22 damage)
             ... on level 4 of the Dungeon on Feb 14, 2020.
             The game lasted 00:18:32 (4068 turns).

Birungi the Magician (Deep Elf Wizard)              Turns: 4068, Time: 00:18:33

Health: -13/28     AC:  5    Str:  4    XL:     5   Next: 90%
Magic:  10/16      EV: 13    Int: 24    God:
Gold:   243        SH:  0    Dex: 13    Spells: 12/18 levels left

rFire    . . .     SeeInvis .   g - +0 short sword
rCold    . . .     Gourm    .   (no shield)
rNeg     . . .     Faith    .   x - +1 animal skin
rPois    .         Spirit   .   y - +1 helmet
rElec    .         Reflect  .   (no cloak)
rCorr    .         Harm     .   (no gloves)
MR       .....                  (no boots)
Stlth    ++........             (no amulet)
HPRegen  0.09/turn              (no ring)
MPRegen  0.15/turn              (no ring)

@: very slightly contaminated
A: no striking features
a: no special abilities


You were on level 4 of the Dungeon.
You were very hungry.

You visited 1 branch of the dungeon, and saw 4 of its levels.

You collected 243 gold pieces.

Inventory:

Hand Weapons
 g - a +0 short sword (weapon)
 j - a cursed -2 hunting sling
Missiles
 l - 74 sling bullets
 w - 32 poisoned darts (quivered)
Armour
 a - a +0 robe
 b - a +0 hat
 t - a +0 pair of boots
 x - a +1 animal skin (worn)
 y - a +1 helmet (worn)
Jewellery
 i - a +6 ring of intelligence {unknown}
 k - a +5 ring of dexterity {unknown}
 p - an uncursed amulet of the gourmand {unknown}
Scrolls
 c - 3 scrolls of teleportation {unknown}
 f - 9 scrolls of identify {unknown}
 m - 4 scrolls of blinking {unknown}
 q - 2 scrolls of enchant armour {unknown}
 r - a scroll of magic mapping {unknown}
 u - 5 scrolls of remove curse {unknown}
 v - 2 scrolls of fog {unknown}
 A - a scroll of fear {unknown}
Potions
 e - a potion of resistance {unknown}
 h - a potion of degeneration {unknown}
 n - a potion of heal wounds {unknown}
 o - a potion of flight {unknown}
 s - a potion of curing {unknown}
 z - a potion of invisibility {unknown}
Comestibles
 d - 5 rations


   Skills:
 - Level 2.4 Dodging
 - Level 2.4 Stealth
 + Level 7.1 Spellcasting
 + Level 4.6 Conjurations
   Level 1.1 Summonings
 - Level 1.1 Translocations


You had 12 spell levels left.
You knew the following spells:

 Your Spells              Type           Power        Failure   Level  Hunger
a - Magic Dart            Conj           ####         1%          1    None
b - Blink                 Tloc           N/A          7%          2    None
c - Conjure Flame         Conj/Fire      ###.....     9%          3    None

Your spell library contained the following spells:

 Spells                   Type           Power        Failure   Level  Hunger
 Call Imp                 Summ           ##......     7%          2    None
 Slow                     Hex            #.......     11%         2    None
 Mephitic Cloud           Conj/Pois/Air  ###.....     12%         3    None


Dungeon Overview and Level Annotations

Branches:
Dungeon (4/15)
 Temple: D:4-7

Altars:
Hepliaklqana
Makhleb
Okawaru
Xom
Yredelemnul


Message History

Aiming: Conjure Flame (safe; 9% risk of failure)
Press: ? - help, Dir - move target cursor The fire ignites!
Casting: Conjure Flame (safe; 9% risk of failure)
Confirm with . or Enter, or press ? or * to list all spells.
You blink.
The ogre closely misses you.
Casting: Blink (safe; 7% risk of failure)
Confirm with . or Enter, or press ? or * to list all spells.
You miscast Blink.
You are very lightly contaminated with residual magic.
You feel uncomfortable.
Casting: Blink (safe; 7% risk of failure)
Confirm with . or Enter, or press ? or * to list all spells.
You miscast Blink.
You spin around.
The ogre hits you with a +0 giant spiked club.
The ogre hits you with a +0 giant spiked club!
Ouch! That really hurt!
The ogre hits you with a +0 giant spiked club!!
Ouch! That really hurt!
You die...

.......## ....#... #
#.#.#.#####.#
#.#(.....<..#
#.#....#..#.#
#.#.......#.#
##.##..###.#.#
###########.(........#.#
#.....<@..#..#########.#
#.####.#O.#............#
#..#..#.############
...##....# # #### #.####
# #....############
####.............
##############


You could see an ogre.

Vanquished Creatures
  A howler monkey (D:3)
  An orc priest (D:3)
  An orc wizard (D:3)
  A worker ant (D:3)
  Robin (D:3)
  2 adders (D:2)
  2 oozes
  4 worms
  2 dart slugs (D:1)
  3 leopard geckos
  3 orcs (D:3)
  6 giant cockroaches
  11 hobgoblins
  2 jackals (D:1)
  6 kobolds
  2 quokkas (D:3)
  2 ball pythons
  9 bats
  2 frilled lizards
  17 goblins
  5 rats
  A spectral orc (D:3)
84 creatures vanquished.

Notes
Turn   | Place    | Note
-------+----------+-------------------------------------------
     0 | D:1      | Birungi the Deep Elf Wizard began the quest for the Orb.
     0 | D:1      | Reached XP level 1. HP: 10/10 MP: 7/7
   287 | D:1      | Reached XP level 2. HP: 15/15 MP: 7/9
   609 | D:1      | Reached skill level 5 in Spellcasting
   957 | D:1      | Reached XP level 3. HP: 14/19 MP: 6/11
  1776 | D:2      | Found an iron altar of Okawaru.
  1900 | D:2      | Reached XP level 4. HP: 24/24 MP: 8/13
  2507 | D:3      | Found a burning altar of Makhleb.
  2537 | D:3      | Noticed Robin
  2765 | D:3      | Reached skill level 6 in Spellcasting
  2929 | D:3      | Upgraded the game from 0.24.0-37-gcf1ca852f1 to
                  | 0.24.0-41-g2ae2f7f1be
  2969 | D:3      | Reached XP level 5. HP: 24/28 MP: 8/15
  3126 | D:3      | Learned a level 2 spell: Blink
  3135 | D:3      | Found a basalt altar of Yredelemnul.
  3197 | D:3      | Killed Robin
  3375 | D:3      | Found a shimmering altar of Xom.
  3401 | D:3      | Found a hazy altar of Hepliaklqana.
  3430 | D:3      | Reached skill level 7 in Spellcasting
  3637 | D:3      | Found a faded altar of an unknown god.
  3869 | D:3      | Upgraded the game from 0.24.0-41-g2ae2f7f1be to
                  | 0.24.0-124-g2791043dd8
  3873 | D:3      | Learned a level 3 spell: Conjure Flame
  3952 | D:4      | Noticed an ogre
  4068 | D:4      | Mangled by an ogre

Levels and vault maps discovered:
D:1:      onia_arrival_mini_maze_b, layout_basic
D:2:      layout_loops_ring, okawaru_metal_pillars_3, minivault_19,
          chequers_serial_rivers_small_a
D:3:      layout_basic, yredelemnul_forgotten_temple_becter,
          grunt_temple_overflow_open, chequers_ecumenical_altar_grove,
          uniq_robin
D:4:      layout_basic, lemuel_doored_altar, nicolae_overflow_hidden_temple,
          serial_glass, glass_columns_b, glass_columns_b, first_ration,
          chequers_avenue, nemelex_lonely_heart_becter

Skill      XL: |  1  2  3  4  5 |
---------------+----------------+-----
Conjurations   | 2 3 4 |  4.6
Spellcasting   | 5 6 7 |  7.1
Dodging        | |  2.4
Stealth        | |  2.4
Summonings     | |  1.1
Translocations | |  1.1

Action                   |  1- 3 |  4- 6 || total
-------------------------+-------+-------++-------
Melee: Short sword       |     5 |     3 ||     8
 Cast: Magic Dart        |    98 |   109 ||   207
       Blink             |       |     4 ||     4
       Conjure Flame     |       |     1 ||     1
  Eat: Chunk             |     3 |     5 ||     8
Armor: Robe              |     8 |     2 ||    10
       Animal skin       |       |     1 ||     1
Dodge: Dodged            |    30 |    15 ||    45
